| TOP OF THE 1ST |
|
Naperville Lazy Fisherman batting - Pitching for Salt Lake City Buzz : RHP Steve Parris
|
|
Pitching: RHP Steve Parris
|
|
|
Batting: SHB Denny Hocking
|
0-0: Ball 1-0: Ball 2-0: Fly out, F8 (Line Drive, 8LM, EV 95.0 MPH)
|
|
Batting: SHB Felipe Crespo
|
0-0: Called Strike 0-1: Fly out, F7 (Flyball, 7S, EV 93.8 MPH)
|
|
Batting: RHB Jeffrey Hammonds
|
0-0: Ball 1-0: Called Strike 1-1: Called Strike 1-2: DOUBLE (Line Drive, 8RXD, EV 103.8 MPH)
|
|
Batting: LHB Matt Luke
|
0-0: Ball 1-0: Fly out, F8 (Flyball, 8RM, EV 88.8 MPH)
|
| Top of the 1st over - 0 runs, 1 hit, 0 errors, 1 left on base; Naperville 0 - Salt Lake City 0 |
| BOTTOM OF THE 1ST |
|
Salt Lake City Buzz batting - Pitching for Naperville Lazy Fisherman : RHP Garrett Stephenson
|
|
Pitching: RHP Garrett Stephenson
|
|
|
Batting: RHB Arquimedez Pozo
|
0-0: SINGLE (Groundball, 6D, EV 110.0 MPH)
|
|
Batting: SHB Abraham O Nunez
|
0-0: Ball 1-0: Fielders Choice at 2nd, 5-4 (Groundball, 56, EV 81.3 MPH)
|
|
Batting: RHB Jerome Walton
|
0-0: Ball 1-0: Ball 2-0: Fielders Choice at 2nd, 6-4 (Groundball, 56D, EV 102.5 MPH)
|
|
Batting: RHB Dave Staton
|
0-0: Called Strike 0-1: Ball 1-1: Ball 2-1: Ball 3-1: DOUBLE (Flyball, 8RXD, EV 91.3 MPH) Jerome Walton to third
|
|
Batting: RHB Brian Johnson
|
0-0: Called Strike 0-1: Ball 1-1: Called Strike 1-2: Ball 2-2: Strikes out swinging
|
| Bottom of the 1st over - 0 runs, 2 hits, 0 errors, 2 left on base; Naperville 0 - Salt Lake City 0 |
| TOP OF THE 2ND |
|
Naperville Lazy Fisherman batting - Pitching for Salt Lake City Buzz : RHP Steve Parris
|
|
Batting: RHB David Bell
|
0-0: Ball 1-0: Ball 2-0: Foul Ball, location: 2F 2-1: Called Strike 2-2: Fly out, F6 (Popup, 6M, EV 76.9 MPH)
|
|
Batting: RHB Craig Worthington
|
0-0: Ball 1-0: Ball 2-0: Foul Ball, location: 2F 2-1: Foul Ball, location: 2F 2-2: Ball 3-2: Foul Ball, location: 2F 3-2: Foul Ball, location: 2F 3-2: Base on Balls
|
|
Batting: RHB Gary Bennett
|
0-0: Foul Ball, location: 2F 0-1: Called Strike 0-2: Ball 1-2: Grounds into double play, 6-4-3 (Groundball, 6, EV 98.1 MPH)
|
| Top of the 2nd over - 0 runs, 0 hits, 0 errors, 0 left on base; Naperville 0 - Salt Lake City 0 |
| BOTTOM OF THE 2ND |
|
Salt Lake City Buzz batting - Pitching for Naperville Lazy Fisherman : RHP Garrett Stephenson
|
|
Batting: RHB Emil Brown
|
0-0: Ball 1-0: Ball 2-0: Ground out 6-3 (Groundball, 6, EV 87.5 MPH)
|
|
Batting: RHB Jose Oliva
|
0-0: Called Strike 0-1: Fly out, F8 (Flyball, 8RS, EV 80.0 MPH)
|
|
Batting: SHB Reggie B. Williams
|
0-0: Called Strike 0-1: Ball 1-1: Ball 2-1: Ball 3-1: Swinging Strike 3-2: Foul Ball, location: 2F 3-2: Foul Ball, location: 2F 3-2: Foul Ball, location: 2F 3-2: Foul Ball, location: 2F 3-2: Foul Ball, location: 2F 3-2: Ground out U3 (Groundball, 3L, EV 86.3 MPH)
|
| Bottom of the 2nd over - 0 runs, 0 hits, 0 errors, 0 left on base; Naperville 0 - Salt Lake City 0 |
| TOP OF THE 3RD |
|
Naperville Lazy Fisherman batting - Pitching for Salt Lake City Buzz : RHP Steve Parris
|
|
Batting: LHB Dan Peltier
|
0-0: Ball 1-0: Fly out, F5 (Popup, 5L, EV 67.5 MPH)
|
|
Batting: RHB Gary Disarcina
|
0-0: Foul Ball, location: 2F 0-1: Swinging Strike 0-2: Foul Ball, location: 2F 0-2: Foul Ball, location: 2F 0-2: SINGLE (Groundball, 34D, EV 98.8 MPH)
|
|
Batting: SHB Denny Hocking
|
0-0: Ball 1-0: Ball 2-0: SINGLE (Line Drive, 6MD, EV 95.6 MPH) Gary Disarcina to second
|
|
Batting: SHB Felipe Crespo
|
0-0: Swinging Strike 0-1: Ball 1-1: Ball 2-1: Swinging Strike 2-2: Foul Ball, location: 2F 2-2: Strikes out looking
|
|
Batting: RHB Jeffrey Hammonds
|
0-0: Fielders Choice at 2nd, 5-4 (Groundball, 5, EV 78.8 MPH)
|
| Top of the 3rd over - 0 runs, 2 hits, 0 errors, 2 left on base; Naperville 0 - Salt Lake City 0 |
| BOTTOM OF THE 3RD |
|
Salt Lake City Buzz batting - Pitching for Naperville Lazy Fisherman : RHP Garrett Stephenson
|
|
Batting: RHB Charlie Greene
|
0-0: Called Strike 0-1: Called Strike 0-2: Ball 1-2: Strikes out looking
|
|
Batting: RHB Arquimedez Pozo
|
0-0: Ball 1-0: Ball 2-0: Called Strike 2-1: Ball 3-1: SINGLE (Groundball, 34D, EV 98.1 MPH)
|
|
Batting: SHB Abraham O Nunez
|
0-0: Ball 1-0: Foul Ball, location: 2F 1-1: Swinging Strike 1-2: Foul Ball, location: 2F 1-2: Strikes out swinging
|
|
Batting: RHB Jerome Walton
|
0-0: Ball 1-0: Called Strike 1-1: Ground out 4-3 (Groundball, 34, EV 108.1 MPH)
|
| Bottom of the 3rd over - 0 runs, 1 hit, 0 errors, 1 left on base; Naperville 0 - Salt Lake City 0 |
| TOP OF THE 4TH |
|
Naperville Lazy Fisherman batting - Pitching for Salt Lake City Buzz : RHP Steve Parris
|
|
Batting: LHB Matt Luke
|
0-0: Ball 1-0: Called Strike 1-1: Called Strike 1-2: Strikes out looking
|
|
Batting: RHB David Bell
|
0-0: Ball 1-0: Called Strike 1-1: Fly out, F8 (Flyball, 8LXD, EV 100.6 MPH)
|
|
Batting: RHB Craig Worthington
|
0-0: Ball 1-0: Ball 2-0: Ball 3-0: Called Strike 3-1: Foul Ball, location: 2F 3-2: Foul Ball, location: 2F 3-2: Base on Balls
|
|
Batting: RHB Gary Bennett
|
0-0: Ball 1-0: Foul Ball, location: 2F 1-1: Foul Ball, location: 2F 1-2: SINGLE (Line Drive, 9S, EV 98.1 MPH) Craig Worthington to second
|
|
Batting: LHB Dan Peltier
|
0-0: Ground out 4-3 (Groundball, 4, EV 81.3 MPH)
|
| Top of the 4th over - 0 runs, 1 hit, 0 errors, 2 left on base; Naperville 0 - Salt Lake City 0 |
| BOTTOM OF THE 4TH |
|
Salt Lake City Buzz batting - Pitching for Naperville Lazy Fisherman : RHP Garrett Stephenson
|
|
Batting: RHB Dave Staton
|
0-0: Ball 1-0: Fly out, F8 (Line Drive, 8RD, EV 106.3 MPH)
|
|
Batting: RHB Brian Johnson
|
0-0: Called Strike 0-1: Fly out, F7 (Flyball, 7, EV 88.1 MPH)
|
|
Batting: RHB Emil Brown
|
0-0: Called Strike 0-1: Ball 1-1: Ball 2-1: Ball 3-1: Called Strike 3-2: SINGLE (Flyball, 56D, EV 94.4 MPH)
|
|
Batting: RHB Jose Oliva
|
0-0: Called Strike 0-1: SINGLE (Line Drive, 56D, EV 94.4 MPH) Emil Brown to second
|
|
Batting: SHB Reggie B. Williams
|
0-0: Ball Wild Pitch! Emil Brown to third Jose Oliva to second 1-0: Ball 2-0: Ball 3-0: Base on Balls
|
|
Batting: RHB Charlie Greene
|
0-0: Ball 1-0: Fly out, F7 (Flyball, 7LM, EV 91.9 MPH)
|
| Bottom of the 4th over - 0 runs, 2 hits, 0 errors, 3 left on base; Naperville 0 - Salt Lake City 0 |
| TOP OF THE 5TH |
|
Naperville Lazy Fisherman batting - Pitching for Salt Lake City Buzz : RHP Steve Parris
|
|
Batting: RHB Gary Disarcina
|
0-0: Called Strike 0-1: Called Strike 0-2: Ground out 6-3 (Groundball, 6, EV 94.4 MPH)
|
|
Batting: SHB Denny Hocking
|
0-0: Fly out, F9 (Flyball, 9LM, EV 101.9 MPH)
|
|
Batting: SHB Felipe Crespo
|
0-0: Ball 1-0: Called Strike 1-1: Ball 2-1: Swinging Strike 2-2: Fly out, F7 (Flyball, 7, EV 85.0 MPH)
|
| Top of the 5th over - 0 runs, 0 hits, 0 errors, 0 left on base; Naperville 0 - Salt Lake City 0 |
| BOTTOM OF THE 5TH |
|
Salt Lake City Buzz batting - Pitching for Naperville Lazy Fisherman : RHP Garrett Stephenson
|
|
Batting: RHB Arquimedez Pozo
|
0-0: Ball 1-0: DOUBLE (Groundball, 5L, EV 105.0 MPH)
|
|
Batting: SHB Abraham O Nunez
|
0-0: SINGLE (Groundball, 56D, EV 95.6 MPH) Arquimedez Pozo to third Runner from 3rd tries for Home, SAFE, no throw by LF
|
|
Batting: RHB Jerome Walton
|
0-0: Called Strike 0-1: Ball 1-1: Foul Ball, location: 2F 1-2: Foul Ball, location: 2F 1-2: Ball 2-2: Foul Ball, location: 2F 2-2: Ball 3-2: DOUBLE (Line Drive, 9LM, EV 99.4 MPH) Abraham O Nunez to third Runner from 3rd tries for Home, SAFE, throw by RF to home
|
|
Batting: RHB Dave Staton
|
0-0: Ball 1-0: Ball 2-0: Foul Ball, location: 2F 2-1: Called Strike 2-2: Ball 3-2: Ground out 6-3 (Groundball, 6MS, EV 91.9 MPH) Jerome Walton to third
|
|
Pitching: RHP Shigetoshi Hasegawa
|
|
|
Batting: RHB Brian Johnson
|
0-0: Called Strike 0-1: Called Strike 0-2: Ball 1-2: Ball 2-2: Strikes out swinging
|
|
Batting: RHB Emil Brown
|
0-0: Ball Passed Ball! Jerome Walton scores 1-0: Ground out 6-3 (Groundball, 6, EV 85.0 MPH)
|
| Bottom of the 5th over - 3 runs, 3 hits, 0 errors, 0 left on base; Naperville 0 - Salt Lake City 3 |
| TOP OF THE 6TH |
|
Naperville Lazy Fisherman batting - Pitching for Salt Lake City Buzz : RHP Steve Parris
|
|
Batting: RHB Jeffrey Hammonds
|
0-0: Foul Ball, location: 2F 0-1: SINGLE (Line Drive, 7S, EV 103.1 MPH)
|
|
Batting: LHB Matt Luke
|
Pickoff Throw to First - Out! 1-3 0-0: Ground out 6-3 (Groundball, 6M, EV 84.4 MPH)
|
|
Batting: RHB David Bell
|
0-0: Ball 1-0: Ground out U3 (Groundball, 3L, EV 87.5 MPH)
|
| Top of the 6th over - 0 runs, 1 hit, 0 errors, 0 left on base; Naperville 0 - Salt Lake City 3 |
| BOTTOM OF THE 6TH |
|
Salt Lake City Buzz batting - Pitching for Naperville Lazy Fisherman : RHP Shigetoshi Hasegawa
|
|
Batting: RHB Jose Oliva
|
0-0: Called Strike 0-1: Called Strike 0-2: Ball 1-2: Strikes out looking
|
|
Batting: SHB Reggie B. Williams
|
0-0: Called Strike 0-1: Ground out U3 (Groundball, 34S, EV 90.0 MPH)
|
|
Batting: RHB Charlie Greene
|
0-0: Ball 1-0: Called Strike 1-1: Ball 2-1: SINGLE (Groundball, 56D, EV 95.0 MPH)
|
|
Batting: RHB Arquimedez Pozo
|
0-0: Ball 1-0: Ball 2-0: Called Strike 2-1: 2-RUN HOME RUN (Flyball, 7D, EV 99.4 MPH), Distance : 365 ft
|
|
Batting: SHB Abraham O Nunez
|
0-0: Called Strike 0-1: Ball 1-1: Foul Ball, location: 2F 1-2: Ball 2-2: TRIPLE (Line Drive, 9LD, EV 97.5 MPH)
|
|
Batting: RHB Jerome Walton
|
0-0: Called Strike 0-1: Ball 1-1: SINGLE (Flyball, 89S, EV 86.9 MPH) Abraham O Nunez scores
|
|
Pitching: RHP Turk Wendell
|
|
|
Batting: RHB Dave Staton
|
0-0: Ball 1-0: Ground out 6-3 (Groundball, 6S, EV 79.4 MPH)
|
| Bottom of the 6th over - 3 runs, 4 hits, 0 errors, 1 left on base; Naperville 0 - Salt Lake City 6 |
| TOP OF THE 7TH |
|
Naperville Lazy Fisherman batting - Pitching for Salt Lake City Buzz : RHP Steve Parris
|
|
Batting: RHB Craig Worthington
|
0-0: Ball 1-0: Ground out 6-3 (Groundball, 6, EV 102.5 MPH)
|
|
Batting: RHB Gary Bennett
|
0-0: Called Strike 0-1: Foul Ball, location: 2F 0-2: Strikes out looking
|
|
Batting: LHB Dan Peltier
|
0-0: Called Strike 0-1: SINGLE (Groundball, 34, EV 106.9 MPH) (infield hit)
|
|
Batting: RHB Gary Disarcina
|
0-0: Called Strike 0-1: Called Strike 0-2: Ball 1-2: Foul Ball, location: 2F 1-2: Foul Ball, location: 2F 1-2: Ball 2-2: Foul Ball, location: 2F 2-2: Ball 3-2: Ground out 6-3 (Groundball, 6, EV 81.9 MPH)
|
| Top of the 7th over - 0 runs, 1 hit, 0 errors, 1 left on base; Naperville 0 - Salt Lake City 6 |
| BOTTOM OF THE 7TH |
|
Salt Lake City Buzz batting - Pitching for Naperville Lazy Fisherman : RHP Turk Wendell
|
|
Batting: RHB Brian Johnson
|
0-0: SOLO HOME RUN (Flyball, 7LD, EV 98.1 MPH), Distance : 342 ft
|
|
Pinch Hitting: RHB Kimera Bartee
|
0-0: Ground out 4-3 (Groundball, 4, EV 85.0 MPH)
|
|
Batting: RHB Jose Oliva
|
0-0: Swinging Strike 0-1: Called Strike 0-2: Foul Ball, location: 2F 0-2: Ball 1-2: Ball 2-2: Fly out, F8 (Flyball, 89D, EV 105.0 MPH)
|
|
Batting: SHB Reggie B. Williams
|
0-0: Ball 1-0: Ball 2-0: Foul Ball, location: 2F 2-1: SINGLE (Line Drive, 7LM, EV 98.1 MPH)
|
|
Batting: RHB Charlie Greene
|
0-0: Swinging Strike 0-1: Foul Ball, location: 2F 0-2: Strikes out swinging
|
| Bottom of the 7th over - 1 run, 2 hits, 0 errors, 1 left on base; Naperville 0 - Salt Lake City 7 |
| TOP OF THE 8TH |
|
Naperville Lazy Fisherman batting - Pitching for Salt Lake City Buzz : RHP Steve Parris
|
|
Now in RF: Robin Jennings
|
|
|
Batting: SHB Denny Hocking
|
0-0: Fly out, F9 (Line Drive, 9, EV 90.0 MPH)
|
|
Batting: SHB Felipe Crespo
|
0-0: Called Strike 0-1: Ball 1-1: Ball 2-1: Called Strike 2-2: Ground out 4-3 (Groundball, 4, EV 100.0 MPH)
|
|
Batting: RHB Jeffrey Hammonds
|
0-0: Called Strike 0-1: SINGLE (Line Drive, 8RS, EV 107.5 MPH)
|
|
Batting: LHB Matt Luke
|
0-0: SINGLE (Groundball, 34, EV 83.8 MPH) (infield hit) Jeffrey Hammonds to second
|
|
Batting: RHB David Bell
|
0-0: Fly out, F7 (Flyball, 7, EV 88.8 MPH)
|
| Top of the 8th over - 0 runs, 2 hits, 0 errors, 2 left on base; Naperville 0 - Salt Lake City 7 |
| BOTTOM OF THE 8TH |
|
Salt Lake City Buzz batting - Pitching for Naperville Lazy Fisherman : RHP Turk Wendell
|
|
Batting: RHB Arquimedez Pozo
|
0-0: Foul Ball, location: 2F 0-1: Ball 1-1: Foul Ball, location: 2F 1-2: Strikes out looking
|
|
Batting: SHB Abraham O Nunez
|
0-0: SINGLE (Flyball, 89S, EV 91.3 MPH)
|
|
Pinch Hitting: RHB Robert Perez
|
0-0: Called Strike 0-1: Ball 1-1: SINGLE (Groundball, 56D, EV 108.1 MPH) Abraham O Nunez to second
|
|
Batting: RHB Dave Staton
|
0-0: Swinging Strike 0-1: Fly out, F9 (Flyball, 9LMF, EV 95.6 MPH)
|
|
Batting: RHB Brian Johnson
|
0-0: Called Strike 0-1: Swinging Strike 0-2: Strikes out looking
|
| Bottom of the 8th over - 0 runs, 2 hits, 0 errors, 2 left on base; Naperville 0 - Salt Lake City 7 |
| TOP OF THE 9TH |
|
Naperville Lazy Fisherman batting - Pitching for Salt Lake City Buzz : RHP Steve Parris
|
|
Now in LF: Robert Perez
|
|
|
Batting: RHB Craig Worthington
|
0-0: Ball 1-0: Ball 2-0: Called Strike 2-1: Ball 3-1: Foul Ball, location: 2F 3-2: Fly out, F7 (Line Drive, 7, EV 95.0 MPH)
|
|
Batting: RHB Gary Bennett
|
0-0: Foul Ball, location: 2F 0-1: Ball 1-1: Ball 2-1: Foul Ball, location: 2F 2-2: Ball 3-2: SINGLE (Groundball, 34D, EV 102.5 MPH)
|
|
Batting: LHB Dan Peltier
|
0-0: Called Strike 0-1: Ball 1-1: Ball Wild Pitch! Gary Bennett to second 2-1: Fly out, F9 (Flyball, 89XD, EV 105.6 MPH)
|
|
Batting: RHB Gary Disarcina
|
0-0: Called Strike 0-1: Ball Passed Ball! Gary Bennett to third 1-1: Ground out 6-3 (Groundball, 56, EV 103.1 MPH)
|
| Top of the 9th over - 0 runs, 1 hit, 0 errors, 1 left on base; Naperville 0 - Salt Lake City 7 |
|